Map: Deathaura LE

Players

SKillous - Winner!

  • Race: Protoss Protoss
  • League: Grandmaster
  • Spawn Location: 5:00

HeroMarine

  • Race: Terran Terran
  • League: Master
  • Spawn Location: 11:00

Event: DreamHack SC2 Masters 2020 Fall

VOD

Have the link to the VOD?

Description

Time

  • Played on: Sept. 10, 2020, 2:16 p.m.
  • Length: 9:43

All games in this series

Show
View Real Time Build Order
Export as new Build Order

SKillous Protoss - Winner!

Build Orders: 1 Gate Expand, Zealot Archon, Colossus Rush 

Get SALT Encoding   

  12  0:00  Probe  
  13  0:13  Probe  
  14  0:17  Pylon  
  14  0:25  Probe (Chrono Boost)  
  15  0:35  Gateway  
  15  0:37  Probe (Chrono Boost)  
  16  0:42  Assimilator  
  16  0:46  Probe (Chrono Boost)  
  17  0:52  Probe  
  18  1:04  Probe  
  19  1:16  Probe  
  20  1:22  Cybernetics Core  
  20  1:32  Nexus  
  20  1:35  Probe  
  21  1:41  Pylon  
  21  1:49  Assimilator, Probe  
  22  1:56  Adept (Chrono Boost)  
  24  2:01  Probe (Chrono Boost)  
  24  2:02  Warp Gate  
  25  2:13  Probe (Chrono Boost)  
  26  2:19  Stalker, Probe (Chrono Boost)  
  29  2:28  Probe  
  30  2:32  Robotics Facility  
  30  2:44  Probe x2 (Chrono Boost)  
  32  2:51  Sentry  
  32  2:53  Probe (Chrono Boost)  
  32  2:55  Probe (Chrono Boost)  
  32  2:56  Gateway  
  36  2:58  Probe (Chrono Boost)  
  36  3:04  Probe  
  38  3:10  Probe  
  39  3:16  Probe  
  41  3:20  Observer (Chrono Boost)  
  41  3:22  Probe  
  42  3:27  Nexus  
  42  3:28  Probe  
  43  3:34  Probe  
  43  3:35  Observer  
  43  3:39  Pylon  
  43  3:40  Probe  
  45  3:42  Assimilator  
  46  3:48  Probe (Chrono Boost)  
  46  3:52  Probe (Chrono Boost)  
  44  3:56  Robotics Bay  
  44  4:02  Observer  
  47  4:03  Probe (Chrono Boost)  
  47  4:04  Probe (Chrono Boost)  
  47  4:08  Assimilator, Probe (Chrono Boost)  
  48  4:11  Probe  
  49  4:18  Stalker x2  
  49  4:19  Probe  
  49  4:21  Pylon  
  54  4:28  Pylon  
  54  4:39  Probe x2  
  54  4:40  Colossus (Chrono Boost)  
  54  4:41  Probe  
  63  4:48  Gateway  
  63  4:49  Gateway  
  63  4:51  Probe x2 (Chrono Boost)  
  65  4:54  Stalker  
  65  4:55  Sentry, Probe (Chrono Boost)  
  70  5:03  Probe x2 (Chrono Boost)  
  73  5:10  Probe (Chrono Boost)  
  73  5:11  Observer, Probe (Chrono Boost)  
  73  5:13  Probe (Chrono Boost)  
  75  5:17  Probe x2  
  76  5:22  Twilight Council, Probe  
  76  5:23  Colossus (Chrono Boost)  
  83  5:29  Probe x2  
  83  5:31  Shield Battery, Pylon  
  83  5:32  Observer  
  85  5:38  Pylon  
  85  5:39  Extended Thermal Lance  
  85  5:42  Pylon  
  85  5:45  Probe  
  85  5:49  Probe (Chrono Boost)  
  87  5:50  Probe (Chrono Boost)  
  87  5:53  Pylon  
  87  6:00  Forge  
  87  6:01  Observer  
  87  6:02  Charge (Chrono Boost)  
  87  6:03  Observer, Probe (Chrono Boost)  
  90  6:04  Probe (Chrono Boost)  
  90  6:06  Probe (Chrono Boost)  
  90  6:07  Gateway  
  90  6:08  Gateway, Colossus (Chrono Boost)  
  90  6:10  Assimilator  
  90  6:11  Probe (Chrono Boost)  
  97  6:12  Probe (Chrono Boost)  
  97  6:13  Assimilator  
  97  6:14  Probe  
  99  6:19  Dark Shrine  
  99  6:22  Probe  
  99  6:24  Probe  
  101  6:26  Protoss Ground Weapons Level 1 (Chrono Boost), Probe  
  102  6:36  Gateway  
  102  6:37  Gateway  
  102  6:38  Pylon  
  102  6:39  Observer, Stalker x2  
  105  6:41  Stalker  
  105  6:46  Probe  
  108  6:49  Stalker, Probe  
  108  6:53  Probe  
  112  6:58  Warp Prism (Chrono Boost)  
  114  7:05  Pylon  
  114  7:14  Zealot  
  114  7:15  Zealot x3  
  121  7:19  Nexus  
  121  7:23  Pylon  
  121  7:27  Pylon  
  121  7:33  Photon Cannon  
  121  7:35  Photon Cannon  
  121  7:36  Blink (Chrono Boost), Photon Cannon  
  121  7:40  Immortal  
  121  7:44  Dark Templar  
  127  7:50  Dark Templar x2  
  127  7:51  Dark Templar  
  133  7:54  Archon  
  133  8:01  Archon  
  133  8:04  Zealot x4  
  141  8:06  Pylon  
  141  8:09  Pylon  
  141  8:18  Zealot  
  137  8:22  Zealot x2  
  138  8:30  Stalker x3  
  139  8:39  Probe  
  139  8:41  Photon Cannon  
  140  8:43  Dark Templar x4  
  140  8:44  Zealot  
  140  8:48  Archon x2  
  150  8:57  Pylon  
  150  8:58  Forge  
  150  9:03  Zealot x2  
  150  9:09  Stalker x2  
  156  9:17  Zealot x4  
  140  9:31  Zealot x2  
  140  9:35  Zealot x2  
Show
View Real Time Build Order
Export as new Build Order

HeroMarine Terran 

Build Orders: Reaper Expand 

Get SALT Encoding   

  12  0:00  SCV  
  13  0:12  SCV  
  14  0:17  Supply Depot  
  14  0:24  SCV  
  15  0:39  Barracks, SCV  
  16  0:43  Refinery  
  16  0:51  SCV  
  17  1:03  SCV  
  18  1:15  SCV  
  19  1:26  Reaper  
  19  1:27  Orbital Command  
  20  1:44  Command Center  
  20  1:50  Supply Depot  
  20  1:53  SCV  
  21  1:58  Marine  
  22  2:05  SCV  
  23  2:09  Factory  
  23  2:16  Bunker  
  23  2:18  SCV  
  23  2:21  Barracks Reactor  
  24  2:26  Refinery  
  24  2:30  SCV  
  25  2:42  SCV  
  26  2:54  Hellion, SCV  
  26  2:56  Starport  
  26  2:57  Orbital Command  
  29  3:00  Marine  
  29  3:01  Marine  
  31  3:06  SCV  
  32  3:15  Widow Mine  
  32  3:18  SCV, Marine  
  32  3:19  Marine  
  37  3:25  Supply Depot  
  37  3:26  SCV  
  38  3:30  SCV  
  39  3:36  Marine  
  39  3:37  Marine  
  39  3:38  Widow Mine  
  39  3:39  Medivac  
  39  3:40  SCV  
  45  3:44  SCV  
  46  3:52  SCV  
  46  3:56  SCV  
  46  3:57  Marine  
  46  3:58  Marine  
  46  4:00  Factory Tech Lab  
  46  4:01  Supply Depot  
  49  4:04  SCV  
  49  4:08  SCV  
  51  4:15  Marine x2  
  51  4:16  SCV  
  54  4:18  Starport Tech Lab  
  54  4:23  Siege Tank, SCV  
  58  4:28  SCV  
  58  4:29  Command Center  
  59  4:35  SCV, Supply Depot  
  61  4:47  Raven  
  62  4:53  Barracks  
  62  4:54  Barracks  
  62  4:56  Supply Depot  
  62  4:57  Siege Tank, SCV x2, Marine x2  
  69  5:09  SCV  
  70  5:14  SCV, Marine  
  70  5:17  Marine  
  71  5:21  SCV, Refinery  
  71  5:22  Refinery  
  71  5:24  Engineering Bay x2  
  71  5:26  SCV  
  71  5:33  SCV  
  72  5:36  Marine  
  72  5:38  SCV, Starport Reactor  
  72  5:40  Factory Reactor  
  74  5:45  SCV  
  74  5:48  Marine  
  74  5:49  Orbital Command  
  74  5:50  SCV  
  74  5:53  Terran Infantry Armor Level 1, Terran Infantry Weapons Level 1  
  74  5:54  Marine x3  
  78  5:57  SCV  
  78  6:00  Supply Depot  
  78  6:03  SCV  
  80  6:04  Stimpack  
  80  6:05  Marine  
  80  6:08  Barracks  
  80  6:11  Combat Shield, Barracks  
  81  6:12  Marine  
  81  6:13  SCV  
  81  6:14  Orbital Command  
  81  6:15  SCV, Supply Depot  
  84  6:18  Marine  
  84  6:23  Marine  
  84  6:25  SCV  
  88  6:27  SCV  
  88  6:28  Supply Depot  
  89  6:33  Supply Depot  
  89  6:34  Marauder x2  
  89  6:35  Medivac  
  89  6:36  Medivac  
  89  6:37  SCV  
  89  6:39  SCV  
  98  6:40  SCV  
  99  6:49  SCV, Marine x2  
  99  6:51  SCV  
  99  6:52  SCV  
  104  6:55  Marauder x2  
  104  6:57  Barracks Reactor  
  104  6:58  Barracks Tech Lab  
  108  7:01  SCV  
  108  7:03  SCV  
  108  7:04  Bunker, SCV  
  108  7:07  Marine x2  
  113  7:14  SCV  
  113  7:15  SCV, Supply Depot x2  
  115  7:16  SCV  
  115  7:17  Medivac, Marauder x3  
  124  7:25  Marine  
  125  7:30  Refinery  
  125  7:31  Armory  
  125  7:32  Supply Depot  
  125  7:33  Medivac, Refinery, SCV x3, Marine  
  125  7:34  Widow Mine  
  135  7:37  Widow Mine  
  135  7:38  Missile Turret  
  135  7:39  Marauder x2  
  135  7:41  Concussive Shells  
  135  7:42  Marine x3  
  142  7:47  SCV x3  
  145  7:53  Marine x2  
  145  7:54  Medivac, Missile Turret  
  145  7:56  Widow Mine  
  151  7:59  Widow Mine  
  151  8:00  Marauder  
  151  8:01  Marauder  
  151  8:05  Supply Depot x2  
  156  8:13  Command Center  
  136  8:22  Marauder  
  136  8:24  Medivac x2, Widow Mine x2  
  136  8:25  Marauder  
  140  8:27  Marine  
  140  8:28  Marine x3  
  140  8:34  Marauder  
  144  8:43  Starport  
  144  8:44  Marauder  
  144  8:45  Marine  
  147  8:49  Marauder, Marine x2  
  147  8:51  Widow Mine x2, Marine  
  147  8:55  Marauder  
  156  9:03  Marine  
  156  9:05  Marauder  
  156  9:07  Marine x2  
  156  9:09  Viking  
  159  9:11  Viking, Marauder  

Tags
 
Add a new tag
Caveats
  • Supply blocks, unpowered buildings, or Contaminate may cause inaccurate times.
  • Supply counts are checked every 10 seconds.